 Dungeon Crawl Stone Soup version 0.30.1-4-g462c640d31 (webtiles) character file.

Game seed: 15362776643082159253

767 mortz the Trooper (level 7, 0/60 HPs)
             Began as a Demigod Fighter on Sept 15, 2023.
             Slain by Pikel
             ... wielding a +0 whip of flaming
              (3 damage)
             ... on level 5 of the Dungeon.
             The game lasted 00:21:14 (3409 turns).

mortz the Trooper (Demigod Fighter)                 Turns: 3409, Time: 00:21:16

Health: 0/60       AC: 11    Str: 25    XL:     7   Next: 27%
Magic:  9/9        EV:  9    Int: 10    God:
Gold:   183        SH:  5    Dex: 13    Spells: 6/6 levels left

rFire   . . .        a - +1 war axe
rCold   + . .        c - +0 buckler
rNeg    . . .        b - +0 scale mail
rPois   .            (no helmet)
rElec   .            (no cloak)
rCorr   .            (no gloves)
SInv    .            (no boots)
Will    .....        r - amulet of magic regeneration Stlth
                     j - +4 ring of protection
HPRegen 0.30/turn    y - ring of protection from cold
MPRegen 0.51/turn

%: no passive effects
@: mighty, lethally poisoned (0 -> -1)
A: high MP 1, forlorn, divine attributes
a: no special abilities


You were on level 5 of the Dungeon.
You visited 1 branch of the dungeon, and saw 5 of its levels.

You collected 183 gold pieces.

Inventory:

Hand Weapons
 a - a +1 war axe (weapon)
 f - a +0 hand axe
 k - a +0 whip of draining
 l - a +0 falchion
 n - a +3 dagger
 x - a +0 dagger of speed
Missiles
 q - 45 stones (quivered)
 w - 26 poisoned darts
 z - 3 boomerangs
Armour
 b - a +0 scale mail (worn)
 c - a +0 buckler (worn)
Jewellery
 i - a ring of ice
 j - a +4 ring of protection (left hand)
 r - an amulet of magic regeneration (around neck)
 y - a ring of protection from cold (right hand)
Potions
 d - a potion of might
 e - 2 potions of resistance
 g - 2 potions of curing
 m - 2 potions of heal wounds
 o - 3 potions of mutation
 p - a potion of berserk rage
 s - 2 potions of brilliance {unknown}
 t - a potion of degeneration {unknown}
 v - a potion of invisibility {unknown}


   Skills:
 * Level 4.9 Fighting
 * Level 4.4 Axes
 + Level 4.3 Armour
 + Level 4.4 Shields


You had 6 spell levels left.
You didn't know any spells.
Your spell library contained the following spells:

 Spells                   Type           Power      Damage    Failure   Level
 Beastly Appendage        Tmut           0%         N/A       71%         1
 Slow                     Hex            0%         N/A       71%         1
 Wereblood                Tmut           0%         N/A       83%         2
 Confusing Touch          Hex            0%         N/A       97%         3
 Ozocubu's Armour         Ice            0%         N/A       97%         3
 Spider Form              Tmut/Pois      0%         N/A       97%         3
 Vampiric Draining        Necr           0%         2d6       97%         3
 Alistair's Intoxication  Tmut/Pois      0%         N/A       100%        5
 Borgnjor's Vile Clutch   Necr/Erth      0%         N/A       100%        5
 Eringya's Noxious Bog    Tmut/Pois      0%         N/A       100%        6
 Ozocubu's Refrigeration  Ice            0%         4d7       100%        7


Dungeon Overview and Level Annotations

Branches:
Dungeon (5/15) Zot: 26461
 Temple: D:4-7

Annotations:
D:5 Pikel


Innate Abilities, Weirdness & Mutations

You have an increased reservoir of magic. (+10% MP)
You shall have no god before yourself.
Your divine heritage dramatically boosts your attributes as you level up.


Message History

The scorpion poisons you!
You hit Pikel.
Pikel is lightly wounded.
You hit the scorpion.
You kill the scorpion!
You barely miss the scorpion.
You feel very sick.
The scorpion stings you but does no damage.
Pikel hits you with a +0 whip of flaming.
Pikel burns you. The scorpion stings you.
You barely miss Pikel.
Pikel is lightly wounded.
You closely miss the scorpion.
You feel sick.
Pikel hits you with a +0 whip of flaming.
Pikel burns you.
* * * LOW HITPOINT WARNING * * *
The scorpion stings you but does no damage.
Pikel says, "You'll rot in Tartarus!"
Pikel hits you but does no damage.
You barely miss Pikel.
Pikel is lightly wounded.
You closely miss the scorpion.
You feel sick. The scorpion completely misses you.
Pikel hits you with a +0 whip of flaming.
* * * LOW HITPOINT WARNING * * *
Pikel burns you.
* * * LOW HITPOINT WARNING * * *
You block the scorpion's attack.
You hit Pikel.
Pikel is moderately wounded.
You hit the scorpion.
You kill the scorpion!
You feel sick. Pikel closely misses you.
You slash Pikel!
Pikel is severely wounded.
You feel sick.
Pikel hits you with a +0 whip of flaming!
* * * LOW HITPOINT WARNING * * *
Pikel burns you.
You die...

...... ...... ......
....#...... #....>
.........#
......#####.#......# #
......##.......).[# . #.
#...##...#......##.. #..
#.................
#...###..##....))).....#
......f.##......@K.....#
.....#..######...†....##
.... #..# ##.......$.#
... #..# #...).......
#..# ##.....#..#.. .
#†.####.....!##.# #
....##.###...........#
§..................[..
§..#######........##.#


You could see Pikel.

Vanquished Creatures
  An ice beast (D:4)
  An ogre (D:5)
  A kobold brigand (D:4)
  3 scorpions
  A jelly (D:5)
  A sleepcap (D:5)
  An iguana (D:5)
  2 orc wizards
  3 gnolls (D:4)
  8 adders
  A worm (D:2)
  5 dart slugs
  8 orcs
  6 endoplasms
  A giant cockroach (D:2)
  5 hobgoblins
  2 jackals (D:2)
  6 quokkas
  9 ball pythons
  3 bats
  3 frilled lizards
  3 goblins
  27 kobolds
  6 rats
107 creatures vanquished.

Notes
Turn   | Place    | Note
-------+----------+-------------------------------------------
     0 | D:1      | mortz the Demigod Fighter began the quest for the Orb.
     0 | D:1      | Reached XP level 1. HP: 18/18 MP: 3/3
   488 | D:1      | Reached XP level 2. HP: 24/25 MP: 4/4
   961 | D:1      | Reached XP level 3. HP: 5/31 MP: 5/5
  1879 | D:3      | Reached XP level 4. HP: 38/38 MP: 6/6
  2552 | D:4      | Noticed an ice beast
  2579 | D:4      | Reached XP level 5. HP: 16/45 MP: 7/7
  2587 | D:3      | HP: 2/45 [poisoned by a scorpion]
  2821 | D:4      | Killed an ice beast
  2962 | D:4      | Reached XP level 6. HP: 36/52 MP: 8/8
  3185 | D:4      | Noticed Pikel
  3214 | D:5      | Entered Level 5 of the Dungeon
  3404 | D:5      | Reached XP level 7. HP: 38/60 MP: 9/9
  3409 | D:5      | HP: 3/60 [Pikel/+0 whip of flaming (7)]
  3409 | D:5      | Slain by Pikel

Illustrated notes

Levels and vault maps discovered:
D:1:      erik_arrival_orb_chamber, layout_basic
D:2:      layout_basic
D:3:      layout_loops_ring
D:4:      kennysheep_kobold_camp, layout_cave_pools, lemuel_tele_altar,
          uniq_pikel
D:5:      layout_cave_pools, nicolae_dithmenos_the_darkroom,
          mainiacjoe_overflow_alcove_4, kennysheep_vampire_church,
          minmay_misc_feat_iff, minmay_fractal_squares_gapless_5,
          uniq_blork_the_orc

Skill      XL: |  1  2  3  4  5  6 |
---------------+-------------------+-----
Axes           | 2 3 4 |  4.4
Fighting       | 3 4 |  4.9
Armour         | 3 4 |  4.3
Shields        | 3 4 |  4.4

Action                     |  1- 3 |  4- 6 |  7- 9 || total
---------------------------+-------+-------+-------++-------
  Melee: War axe           |   138 |   171 |     6 ||   315
  Throw: Stone             |    11 |    15 |       ||    26
    Use: Scroll            |     8 |     5 |       ||    13
         Potion            |       |     1 |       ||     1
 Armour: Scale mail        |    67 |   125 |     6 ||   198
  Dodge: Dodged            |    63 |    97 |     2 ||   162
  Block: Buckler           |    28 |    62 |     1 ||    91
